 Dungeon Crawl Stone Soup version 0.21.1 (webtiles) character file.

314 shakethe the Ruffian (level 6, -2/61 HPs)
             Began as a Troll Monk on Feb 4, 2018.
             Shot with an arrow by a centaur (6 damage)
             ... on level 4 of the Dungeon.
             The game lasted 00:08:07 (2340 turns).

shakethe the Ruffian (Troll Monk)                   Turns: 2340, Time: 00:08:08

Health: -2/61      AC:  5    Str: 20    XL:     6   Next: 19%
Magic:  5/5        EV: 11    Int:  6    God:
Gold:   119        SH:  0    Dex: 14    Spells: 5/5 levels left

rFire    . . .     SeeInvis .     - Unarmed
rCold    . . .     Gourm    +   (no shield)
rNeg     . . .     Faith    .   a - +0 robe
rPois    .         Spirit   .   (helmet restricted)
rElec    .         Reflect  .   j - scarf {cloud immunity}
rCorr    .         Harm     .   (gloves unavailable)
MR       .....                  (boots unavailable)
Stlth    ++........             (no amulet)
HPRegen  0.60/turn              (no ring)
MPRegen  0.09/turn              (no ring)

@: no status effects
A: large, unfitting armour, claws 3, fast metabolism 3, gourmand, regeneration
1, shaggy fur 1, tough skin 2
a: no special abilities


You were on level 4 of the Dungeon.
You were completely stuffed.

You visited 1 branch of the dungeon, and saw 4 of its levels.

You collected 119 gold pieces.

Inventory:

Hand Weapons
 i - a +1 spear of flaming
 l - a +0 dagger of venom
 n - a +2 dagger of flaming
Missiles
 k - 3 arrows
Armour
 a - a +0 robe (worn)
 j - a scarf of cloud immunity (worn)
Jewellery
 e - an uncursed ring of ice {unknown}
Scrolls
 d - a scroll of teleportation
 h - a scroll of enchant weapon {unknown}
 o - 2 scrolls of identify
 q - a scroll of random uselessness {unknown}
 r - a scroll of remove curse {unknown}
Potions
 c - a potion of ambrosia {unknown}
 f - a potion of heal wounds {unknown}
 g - 2 potions of might {unknown}
 m - a potion of agility {unknown}
 p - a potion of flight {unknown}
Comestibles
 b - 8 rations


   Skills:
 + Level 3.5 Fighting
 + Level 3.5 Dodging
 - Level 1.0 Stealth
 * Level 5.4 Unarmed Combat


You had 5 spell levels left.
You didn't know any spells.

Dungeon Overview and Level Annotations

Branches:
Dungeon (4/15)
 Temple: D:4-7

Altars:


Innate Abilities, Weirdness & Mutations

You are too large for most types of armour.
You have claws for hands.
Your metabolism is lightning-fast.
You like to eat raw meat.
Your natural rate of healing is unusually fast.
You are covered in fur. (AC +1)
You have very tough skin. (AC +2)


Message History

You see here 2 arrows.
Found a golden ring.
A hound comes into view.
The centaur shoots an arrow.
The arrow hits you!
You see here an arrow.
The centaur shoots an arrow.
The arrow hits you!
The centaur shoots an arrow.
The arrow hits you!
Things that are here:
an arrow; a rapier The centaur shoots an arrow.
The arrow hits you.
You see here an arrow.
You claw the hound!
The hound is heavily wounded.
The centaur shoots an arrow.
The arrow hits you.
* * * LOW HITPOINT WARNING * * *
The hound barely misses you.
The centaur shoots an arrow.
The arrow hits you!
* * * LOW HITPOINT WARNING * * *
k - 3 arrows The hound barely misses you.
The centaur shoots an arrow.
The arrow hits you.
You die...

.# .=###. ...... #..... #
#....# ##### #
#....####...## #
#............# #
#....(@(.#...## ##
#.$..(h####...########.
.........# #....#.......
...#.c#...# #........#...
.............(....#######
.#......#........## #
................## #
................# #
.#......#.......# #


You could see a centaur and a hound.

Vanquished Creatures
  The ghost of Agrougrou the Insei, an amateur OpTm (D:3)
  An orc wizard (D:3)
  An iguana (D:4)
  3 gnolls (D:3)
  3 adders
  2 worms (D:3)
  2 dart slugs
  A leopard gecko (D:3)
  5 orcs (D:3)
  2 giant cockroaches
  6 hobgoblins
  11 jackals
  6 kobolds
  2 quokkas
  3 ball pythons
  3 bats (D:1)
  7 frilled lizards
  7 goblins
  11 rats
77 creatures vanquished.

Notes
Turn   | Place    | Note
-------+----------+-------------------------------------------
     0 | D:1      | shakethe the Troll Monk began the quest for the Orb.
     0 | D:1      | Reached XP level 1. HP: 22/22 MP: 0/0
    85 | D:1      | Reached XP level 2. HP: 21/29 MP: 1/1
   855 | D:1      | Reached XP level 3. HP: 36/36 MP: 2/2
  1176 | D:2      | Reached skill level 4 in Unarmed Combat
  1224 | D:2      | Reached XP level 4. HP: 44/44 MP: 3/3
  1906 | D:3      | Reached XP level 5. HP: 45/53 MP: 4/4
  1956 | D:3      | Noticed Agrougrou's ghost (amateur OpTm)
  1999 | D:3      | Killed Agrougrou's ghost
  1999 | D:3      | Reached skill level 5 in Unarmed Combat
  1999 | D:3      | Reached XP level 6. HP: 31/61 MP: 5/5
  2339 | D:4      | HP: 3/61 [centaur/arrow (13)]
  2340 | D:4      | Shot with an arrow by a centaur

Skill      XL: |  1  2  3  4  5 |
---------------+----------------+-----
Unarmed Combat | 4 5 |  5.4
Dodging        | 3 |  3.5
Fighting       | 3 |  3.5
Stealth        | |  1.0

Action                   |  1- 3 |  4- 6 || total
-------------------------+-------+-------++-------
Melee: Unarmed           |   134 |    66 ||   200
  Use: Scroll            |     2 |       ||     2
 Stab: Sleeping          |       |     1 ||     1
  Eat: Chunk             |    17 |    10 ||    27
Armor: Robe              |    41 |     7 ||    48
Dodge: Dodged            |    91 |    22 ||   113
